 Dungeon Crawl Stone Soup version 0.25-a0-424-g80bd347ae0 (webtiles) character file.

Game seed: 12825691387401805766, levelgen mode: deterministic

5 Nattfarinn the Caller (level 1, -2/10 HPs)
             Began as a Tengu Summoner on Jan 23, 2020.
             Slain by a jackal (3 damage)
             ... on level 1 of the Dungeon.
             The game lasted 00:01:09 (115 turns).

Nattfarinn the Caller (Tengu Summoner)               Turns: 115, Time: 00:01:10

Health: -2/10      AC:  2    Str:  8    XL:     1   Next: 80%
Magic:  1/4        EV: 13    Int: 15    God:
Gold:   0          SH:  0    Dex: 14    Spells: 3/4 levels left

rFire    . . .     SeeInvis .   (no weapon)
rCold    . . .     Gourm    .   (no shield)
rNeg     . . .     Faith    .   a - +0 robe
rPois    .         Spirit   .   (helmet restricted)
rElec    .         Reflect  .   (no cloak)
rCorr    .         Harm     .   (no gloves)
MR       .....                  (boots unavailable)
Stlth    ++........             b - amulet of the acrobat
HPRegen  0.03/turn              (no ring)
MPRegen  0.09/turn              (no ring)

@: no status effects
A: beak, talons 3
a: no special abilities


You were on level 1 of the Dungeon.
You were not hungry.

You visited 1 branch of the dungeon, and saw 1 of its levels.

Inventory:

Armour
 a - a +0 robe (worn)
Jewellery
 b - an amulet of the acrobat (around neck)
Scrolls
 d - a scroll of amnesia {unknown}
Comestibles
 c - a ration
 f - a chunk of flesh


   Skills:
 + Level 0.2 Fighting
 + Level 0.3 Armour
 + Level 2.3 Dodging
 - Level 2.0 Stealth
 + Level 2.0 Spellcasting
 * Level 4.9 Summonings


You had 3 spell levels left.
You knew the following spells:

 Your Spells              Type           Power        Failure   Level  Hunger
a - Summon Small Mammal   Summ           ###.         3%          1    #......

Your spell library contained the following spells:

 Spells                   Type           Power        Failure   Level  Hunger
 Call Imp                 Summ           ###.....     4%          2    ###....
 Call Canine Familiar     Summ           ###.....     9%          3    ###....
 Summon Guardian Golem    Hex/Summ       #.......     24%         3    ###....
 Summon Ice Beast         Ice/Summ       #.......     61%         4    #####..
 Summon Lightning Spire   Summ/Air       #.......     61%         4    #####..


Dungeon Overview and Level Annotations

Branches:
Dungeon (1/15)

Altars:


Innate Abilities, Weirdness & Mutations

You have a beak for a mouth.
You have claws for feet.


Message History

You hit the jackal.
The jackal is severely wounded.
Your bat barely misses the jackal.
Your bat misses the jackal.
The jackal bites you but does no damage.
The jackal bites your bat but does no damage.
Your bat barely misses the jackal.
The jackal closely misses you. The jackal misses your bat.
You hit the jackal but do no damage.
The jackal is severely wounded.
Your bat hits the jackal but does no damage. x2
The jackal bites you but does no damage.
Your bat barely misses the jackal.
The jackal closely misses your bat.
Unknown command.
You closely miss the jackal.
The jackal is severely wounded.
Your bat hits the jackal. Your bat misses the jackal. The jackal bites you.
* * * LOW HITPOINT WARNING * * *
The jackal bites your bat.
Your bat closely misses the jackal.
The jackal bites you.
You die...

........# ........#
.# .......## .#
.....### .# ##.###
.# #.# .# ##.# .#
...# ## #####l#
#########.###.bh@?#
..g†K.h.h#.##h#####
#########.###.##
...... #.##h..####
###### #..Kb.......
####...##### ##.##
..# #.#


You could see 2 jackals, a frilled lizard and a friendly bat.

Vanquished Creatures
  A giant cockroach (D:1)
  A jackal (D:1)
  A bat (D:1)
3 creatures vanquished.

Vanquished Creatures (collateral kills)
  A goblin (D:1)
  A jackal (D:1)
  A bat (D:1)
3 creatures vanquished.

Grand Total: 6 creatures vanquished

Notes
Turn   | Place    | Note
-------+----------+-------------------------------------------
     0 | D:1      | Nattfarinn the Tengu Summoner began the quest for the Orb.
     0 | D:1      | Reached XP level 1. HP: 10/10 MP: 4/4
   115 | D:1      | Slain by a jackal

Levels and vault maps discovered:
D:1:      moated_graveyard_arrival, layout_loops_ring

Action                   || total
-------------------------++-------
Melee: Unarmed           ||    18
       Kick              ||     3
       Peck              ||     2
 Cast: Summon Small Mamm ||     9
 Stab: Sleeping          ||     1
Armor: Robe              ||    10
Dodge: Dodged            ||    35

Table legend:
 A = Non-vault XP
 B = Vault XP
 C = Vault XP percentage of total XP
 D = Non-vault monster count
 E = Vault monster count
 F = Vault count percentage of total count
                 A         B        C        D         E       F
            +---------+---------+-------+---------+---------+-------
      Total |       8 |       0 |   0.0 |       6 |       0 |   0.0
            +---------+---------+-------+---------+---------+-------
        D:1 |       8 |       0 |   0.0 |       6 |       0 |   0.0
            +---------+---------+-------+---------+---------+-------
